 Dungeon Crawl Stone Soup version 0.31.0-12-g77e489cdc1 (webtiles) character file.

Game seed: 1808663780264219154

56 Metae the Trooper (level 3, -2/33 HPs)
             Began as a Minotaur Fighter on Feb 23, 2024.
             Slain by a gnoll
             ... wielding a +0 flail
              (7 damage)
             ... on level 2 of the Dungeon.
             The game lasted 00:02:32 (730 turns).

Metae the Trooper (Minotaur Fighter)                 Turns: 730, Time: 00:02:33

Health: -2/33      AC:  7    Str: 22    XL:     3   Next: 71%
Magic:  2/2        EV:  9    Int:  5    God:
Gold:   23         SH:  4    Dex:  9    Spells: 2/2 levels left

rFire   . . .        a - +0 trident
rCold   . . .        c - +0 buckler
rNeg    . . .        b - +0 scale mail
rPois   .            (helmet restricted)
rElec   .            (no cloak)
rCorr   .            (no gloves)
SInv    .            (no boots)
Will    .....        (no amulet) Stlth
                     (no ring)
HPRegen 0.25/turn    (no ring)
MPRegen 0.08/turn

%: no passive effects
@: mighty
A: horns 2, retaliatory headbutt
a: no special abilities


You were on level 2 of the Dungeon.
You visited 1 branch of the dungeon, and saw 2 of its levels.

You collected 23 gold pieces.

Inventory:

Hand Weapons
 a - a +0 trident (weapon)
Missiles
 f - 5 poisoned darts (quivered)
Armour
 b - a +0 scale mail (worn)
 c - a +0 buckler (worn)
 e - a +0 pair of gloves
Scrolls
 g - a scroll of noise {unknown}
 h - 2 scrolls of identify {unknown}
 j - a scroll of vulnerability {unknown}
 k - a scroll of blinking {unknown}
 l - a scroll of enchant weapon {unknown}
Potions
 i - a potion of degeneration {unknown}
 m - a potion of enlightenment {unknown}


   Skills:
 + Level 4.1 Fighting
 + Level 3.1 Polearms
 + Level 4.1 Armour
 + Level 1.4 Dodging
 + Level 4.1 Shields


You had 2 spell levels left.
You didn't know any spells.
Your spell library contained the following spells:

 Spells                   Type           Power      Damage    Failure   Level
 Jinxbite                 Hex            0%         N/A       94%         2
 Yara's Violent Unravell  Hex/Alch       0%         3d3       100%        5
 Enfeeble                 Hex            0%         N/A       100%        7


Dungeon Overview and Level Annotations

Branches:
Dungeon (1/15)

Altars:


Innate Abilities, Weirdness & Mutations

You have a pair of horns on your head.
You reflexively headbutt those who attack you in melee.


Message History

You feel stronger. x2
You hit the rat.
You kill the rat!
A gnoll comes into view. It is wielding a +0 spear.
You see here a rat corpse.
You hit the gnoll but do no damage. Your headbutt misses the gnoll.
The gnoll hits you with a +0 flail. The gnoll completely misses you.
You puncture the gnoll!
The gnoll is heavily wounded.
You block the gnoll's attack. The gnoll hits you with a +0 flail. x2
You barely miss the gnoll. You headbutt the gnoll.
The gnoll is severely wounded.
The gnoll hits you from afar with a +0 spear.
The gnoll closely misses you. The gnoll hits you with a +0 flail.
You block the gnoll's attack. The gnoll attacks as it pursues you!
The gnoll hits you with a +0 flail. The gnoll attacks as it pursues you!
The gnoll closely misses you.
You are too injured to fight recklessly!
You are too injured to fight recklessly!
You are too injured to fight recklessly!
You puncture the gnoll!
You kill the gnoll!
The gnoll hits you but does no damage. The gnoll misses you.
You see here a +0 flail.
You are too injured to fight recklessly!
You are too injured to fight recklessly!
You are too injured to fight recklessly!
You are too injured to fight recklessly!
You hit the gnoll.
The gnoll is moderately wounded.
The gnoll hits you with a +0 flail.
* * * LOW HITPOINT WARNING * * *
The gnoll hits you from afar with a +0 spear.
* * * LOW HITPOINT WARNING * * *
You feel very mighty all of a sudden. The gnoll hits you but does no damage.
The gnoll closely misses you.
You puncture the gnoll!
The gnoll is almost dead.
The gnoll hits you with a +0 flail!
You die...

#..# #..#
#
#..###.##
#........
#†.......
#.).....#
#g#......
#g#..##.#
..#####@#
.# #
........#
.#
..#######
#


You could see 2 gnolls.

Vanquished Creatures
  Jessica (D:2)
  A gnoll (D:2)
  A ball python (D:1)
  2 bats (D:1)
  3 endoplasms (D:1)
  A giant cockroach (D:1)
  3 hobgoblins (D:1)
  A quokka (D:1)
  A goblin (D:1)
  3 kobolds (D:1)
  3 rats
20 creatures vanquished.

Vanquished Creatures (others)
  An octopode (D:1)
  A gargoyle (D:1)
  An armataur (D:1)
  A djinni (D:1)
  A formicid (D:1)
  A naga (D:1)
  An oni (D:1)
  A tengu (D:1)
  2 barachim (D:1)
  A gnoll (D:1)
  A kobold (D:1)
  4 tentacles (D:1)
16 creatures vanquished.

Grand Total: 36 creatures vanquished

Notes
Turn   | Place    | Note
-------+----------+-------------------------------------------
     0 | D:1      | Metae the Minotaur Fighter began the quest for the Orb.
     0 | D:1      | Reached XP level 1. HP: 19/19 MP: 0/0
     0 | D:1      | Noticed a naga
     0 | D:1      | Noticed an octopode
     0 | D:1      | Noticed a barachi
     0 | D:1      | Noticed a barachi
     0 | D:1      | Noticed a gargoyle
     0 | D:1      | Noticed a formicid
     0 | D:1      | Noticed a kraken
     0 | D:1      | Noticed an armataur
     0 | D:1      | Noticed a tengu
     0 | D:1      | Noticed a djinni
     0 | D:1      | Noticed an oni
     3 | D:1      | Killed an armataur
     3 | D:1      | Killed a barachi
     5 | D:1      | Killed an octopode
     5 | D:1      | Killed a gargoyle
     8 | D:1      | Killed a naga
     9 | D:1      | Killed a barachi
    11 | D:1      | Killed a tengu
    12 | D:1      | Killed a djinni
    13 | D:1      | Killed an oni
    13 | D:1      | Killed a formicid
   161 | D:1      | Reached XP level 2. HP: 20/27 MP: 1/1
   708 | D:1      | You fall into a shaft and drop 1 floor!
   711 | D:2      | Noticed Jessica
   715 | D:2      | Killed Jessica
   716 | D:2      | Reached skill level 1 in Dodging
   716 | D:2      | Reached XP level 3. HP: 33/33 MP: 2/2
   730 | D:2      | Slain by a gnoll

Illustrated notes

Levels and vault maps discovered:
D:1:      nicolae_arrival_kraken_aquarium_a, layout_basic, serial_shops,
          nicolae_lakefront_shop, corexii_corridor_pit, reono_crystal_passage
D:2:      layout_loops_ring, minivault_5, chequers_serial_rivers_small_a,
          grunt_ministairs_7, nicolae_eternal_life, minmay_pentomino_u4,
          uniq_robin, uniq_jessica, uniq_terence

Skill      XL: |  1  2 |
---------------+-------+-----
Fighting       | 4 |  4.1
Polearms       | 3 |  3.1
Armour         | 4 |  4.1
Dodging        | 1 |  1.4
Shields        | 4 |  4.1

Action                     || total
---------------------------++-------
  Melee: Trident           ||    47
         Headbutt          ||     5
    Use: Potion            ||     1
 Armour: Scale mail        ||    23
  Dodge: Dodged            ||    10
  Block: Buckler           ||     4
